 Dungeon Crawl Stone Soup version 0.31.0-11-ge490571c62 (webtiles) character file.

Game seed: 15350940534149142443

109 sanka the Ruffian (level 4, -17/45 HPs)
             Began as a Troll Berserker on Jan 27, 2024.
             Was a Believer of Trog.
             Demolished by an ogre
             ... wielding a +0 giant spiked club
              (29 damage)
             ... on level 3 of the Dungeon.
             The game lasted 00:01:50 (1731 turns).

sanka the Ruffian (Troll Berserker)                 Turns: 1731, Time: 00:01:51

Health: -17/45     AC:  5    Str: 25    XL:     4   Next: 59%
Magic:  3/3        EV: 10    Int:  3    God:    Trog [**....]
Gold:   108        SH:  0    Dex: 11    Spells: 3/3 levels left

rFire   . .          .
                       - Unarmed
rCold   + . .        (no shield)
rNeg    . . .        a - +0 animal skin
rPois   +            (helmet restricted)
rElec   .            k - +0 cloak
rCorr   .            (gloves unavailable)
SInv    .            (boots unavailable)
Will    .....        (no amulet)
Stlth   +            p - ring of protection from cold
HPRegen 1.07/turn    f - ring of poison resistance
MPRegen 0.08/turn

%: no passive effects
@: no status effects
A: large, unfitting armour, claws 3, regeneration 1, shaggy fur 1, tough skin 1
a: Renounce Religion, Berserk, Trog's Hand


You were on level 3 of the Dungeon.
You worshipped Trog.
Trog was pleased with you.
You visited 1 branch of the dungeon, and saw 3 of its levels.

You collected 108 gold pieces.


Innate Abilities, Weirdness & Mutations

You are too large for most types of armour.
You have claws for hands.
Your natural rate of healing is unusually fast.
You are covered in fur. (AC +1)
You have tough skin. (AC +1)


   Skills:
 - Level 3.0 Fighting
 - Level 2.4 Dodging
 + Level 5.0 Unarmed Combat


You had 3 spell levels left.
You didn't know any spells.
Your spell library was empty.

Inventory:

Missiles
 j - 6 large rocks {=f}
Armour
 a - a +0 animal skin (worn)
 k - a +0 cloak (worn)
Jewellery
 f - a ring of poison resistance (right claw)
 g - a ring of fire
 p - a ring of protection from cold (left claw)
 s - a +4 ring of protection
Scrolls
 b - a scroll of fear {unknown}
 d - a scroll of enchant armour {unknown}
 e - 2 scrolls of noise {unknown}
 l - a scroll of blinking {unknown}
 m - a scroll of fog {unknown}
 n - a scroll of poison {unknown}
 o - a scroll of amnesia {unknown}
 r - 2 scrolls of identify {unknown}
Potions
 c - a potion of attraction {unknown}
 h - a potion of enlightenment {unknown}
 i - 2 potions of lignification {unknown}
 q - a potion of ambrosia {unknown}

Dungeon Overview and Level Annotations

Branches:
Dungeon (3/15)

Altars:

▒.▒ ▒............▒▒
▒.. ▒..▒▒........▒▒▒.▒
▒ . ▒▒▒▒▒▒▒▒▒▒........
▒ ▒.▒▒▒ ▒........#
▒...▒▒▒ ▒.......≈#
▒▒▒▒▒......▒▒.......≈.
........▒▒..▒.......≈.
......O.▒▒▒.........≈.
.......T▒.....▒▒▒▒..≈.
▒.............▒ ▒#≈#
▒..............▒ #≈
▒...w.......▒▒....
............▒ ..▒▒
............▒ ....
...▒▒........ ..▒.▒
... ▒......... .▒
...........


You could see an ogre and a dart slug.


Message History

The orc hits you with a +0 dagger of freezing.
You scratch the orc.
You kill the orc!
Trog accepts your kill.
No target in view!
You now have 92 gold pieces (gained 11).
Things that are here:
a +0 dagger of freezing; 6 stones
Things that are here:
a +0 club; a goblin corpse You now have 108 gold pieces (gained 16).
A dart slug and an ogre come into view.
The ogre shouts!
There are monsters nearby!
There are monsters nearby!
The dart slug launches a dart at you.
The slug dart hits you but does no damage.
You claw the ogre!
The ogre is heavily wounded.
The ogre hits you with a +0 giant spiked club!!
Ouch! That really hurt!
* * * LOW HITPOINT WARNING * * *
You barely miss the ogre.
The ogre is heavily wounded.
Unknown command.
You scratch the ogre.
The ogre is heavily wounded.
The ogre hits you with a +0 giant spiked club!!
Ouch! That really hurt!
You die...

Action                     |  1- 3 |  4- 6 || total
---------------------------+-------+-------++-------
  Melee: Unarmed           |    97 |    19 ||   116
         Punch             |     2 |     2 ||     4
   Stab: Sleeping          |     3 |       ||     3
 Armour: Animal skin       |    63 |     9 ||    72
  Dodge: Dodged            |    50 |     4 ||    54

Levels and vault maps discovered:
D:1:      dpeg_arrival_tiny_a, layout_basic
D:2:      layout_basic
D:3:      layout_basic, nicolae_hepliaklqana_hippocampus,
          mainiacjoe_overflow_brackets, minmay_randomly_rotated_circles

Notes
Turn   | Place    | Note
-------+----------+-------------------------------------------
     0 | D:1      | sanka the Troll Berserker began the quest for the Orb.
     0 | D:1      | Reached XP level 1. HP: 22/22 MP: 0/0
   158 | D:1      | Reached XP level 2. HP: 29/29 MP: 1/1
   922 | D:2      | Reached skill level 3 in Fighting
   922 | D:2      | Reached XP level 3. HP: 33/37 MP: 2/2
  1145 | D:2      | Reached skill level 4 in Unarmed Combat
  1568 | D:3      | Reached ** piety under Trog
  1569 | D:3      | Reached XP level 4. HP: 45/45 MP: 3/3
  1656 | D:3      | Reached skill level 5 in Unarmed Combat
  1726 | D:3      | Noticed an ogre
  1731 | D:3      | Demolished by an ogre

Vanquished Creatures
  An orc priest (D:3)
  3 adders
  2 dart slugs
  3 orcs (D:3)
  4 ball pythons
  7 endoplasms
  A giant cockroach (D:1)
  6 goblins
  4 hobgoblins
  3 quokkas
  2 bats
  3 frilled lizards
  4 kobolds
  A rat (D:2)
44 creatures vanquished.
